 Dungeon Crawl Stone Soup version 0.22-a0-284-g99d1f74 (webtiles) character file.

29069 torrenera the Eclecticist (level 13, -4/83 HPs)
             Began as a Deep Elf Fire Elementalist on Mar 20, 2018.
             Was a High Priest of Vehumet.
             Slain by a wolf (10 damage)
             ... on level 1 of the Lair of Beasts on Mar 22, 2018.
             The game lasted 01:16:39 (19548 turns).

torrenera the Eclecticist (DEFE)                   Turns: 19548, Time: 01:16:41

Health: -4/83      AC:  4    Str:  5    XL:     13   Next: 13%
Magic:  10/34      EV: 17    Int: 38    God:    Vehumet [*****.]
Gold:   606        SH:  7    Dex: 15    Spells: 13/42 levels left

rFire    . . .     SeeInvis +   S - +3 long sword of Indignation {holy, Int+6 SInv Stlth-}
rCold    . . .     Gourm    .   I - +2 buckler {reflect}
rNeg     . . .     Faith    .   a - +0 robe
rPois    +         Spirit   .   L - +0 hat {SInv}
rElec    .         Reflect  +   v - +0 cloak
rCorr    .         Harm     .   (no gloves)
MR       +....                  u - +0 pair of boots
Stlth    +.........             (no amulet)
HPRegen  0.23/turn              n - ring of poison resistance
MPRegen  0.24/turn              P - +6 ring of intelligence

@: no status effects
A: no striking features
a: Renounce Religion


You were on level 1 of the Lair of Beasts.
You worshipped Vehumet.
Vehumet was extremely pleased with you.
You were not hungry.

You visited 4 branches of the dungeon, and saw 17 of its levels.

You collected 865 gold pieces.
You spent 259 gold pieces at shops.

Inventory:

Hand Weapons
 f - a +3 quarterstaff of chaos
 t - a +0 blowgun
 E - a +2 short sword of draining
 G - a +1 dagger of venom
 Q - a +2 dagger of venom
 S - the +3 long sword of Indignation (weapon) {holy, Int+6 SInv Stlth-}
   (You found it on level 11 of the Dungeon)

   It has been blessed by the Shining One to cause great damage to the undead
   and demons.
   It affects your intelligence (+6).
   It lets you see invisible.
   It makes you less stealthy.
Missiles
 b - 348 stones (quivered)
 e - 56 poisoned needles
 T - 8 curare-tipped needles
Armour
 a - a +0 robe (worn)
 i - +0 ice dragon scales
 u - a +0 pair of boots (worn)
 v - a +0 cloak (worn)
 I - a +2 buckler of reflection (worn)
 L - a +0 hat of see invisible (worn)
Magical Staves
 B - an uncursed staff of poison
 H - an uncursed staff of summoning
Jewellery
 l - an uncursed ring of see invisible
 n - a ring of poison resistance (left hand)
 w - an uncursed ring of teleportation
 P - a +6 ring of intelligence (right hand)
Wands
 y - a wand of enslavement (20)
 D - a wand of polymorph (22)
 F - a wand of flame (35)
 N - a wand of iceblast (2)
 X - a wand of acid (8)
Scrolls
 m - 4 scrolls of fear
 p - 6 scrolls of remove curse
 q - a scroll of random uselessness {unknown}
 s - 3 scrolls of enchant weapon
 x - a scroll of amnesia
 J - a scroll of immolation {unknown}
 K - a scroll of vulnerability {unknown}
 M - a scroll of summoning {unknown}
 O - 2 scrolls of magic mapping
 W - a scroll of torment {unknown}
Potions
 d - 4 potions of curing
 g - 2 potions of invisibility
 h - a potion of heal wounds
 j - 6 potions of mutation
 k - 5 potions of haste
 o - 3 potions of brilliance
 z - a potion of flight
 A - a potion of lignification
 C - a potion of ambrosia
 U - a potion of might
 V - a potion of berserk rage {unknown}
Comestibles
 c - 32 rations
 R - 5 chunks of flesh


   Skills:
 - Level 10.6 Fighting
 - Level 7.9 Dodging
 - Level 2.4 Stealth
 - Level 2.8 Shields
 + Level 15.0 Spellcasting
 - Level 7.2 Conjurations
 - Level 12.0 Fire Magic


You had 13 spell levels left.
You knew the following spells:

 Your Spells              Type           Power        Failure   Level  Hunger
a - Flame Tongue          Conj/Fire      #####        1%          1    None
b - Conjure Flame         Conj/Fire      #######.     1%          3    None
c - Throw Flame           Conj/Fire      ######       1%          2    None
d - Sticky Flame          Conj/Fire      #######.     1%          4    None
e - Fireball              Conj/Fire      #######...   1%          5    None
f - Throw Icicle          Conj/Ice       ######..     1%          4    None
g - Summon Ice Beast      Ice/Summ       ####....     14%         4    None
h - Summon Guardian Gole  Hex/Summ       ####....     4%          3    None
s - Ozocubu's Armour      Chrm/Ice       ####....     4%          3    None


Dungeon Overview and Level Annotations

Branches:
Dungeon (13/15)            Temple (1/1) D:4            Lair (1/6) D:11
    Orc (2/2) D:12         Vaults (0/5) D:13
    Elf: Orc:2

Altars:
Ashenzari
Cheibriados
Fedhas
Gozag
Hepliaklqana
Kikubaaqudgha
Okawaru
Qazlal
Ru
Sif Muna
Uskayaw
Vehumet
Xom
Yredelemnul
The Shining One

Shops:
D:4 %*   D:5 ?

Annotations:
D:12 Azrael
Lair:1 Ijustatesigmund's ghost, journeyman NaFi
Orc:2 Donald


Message History

Ijustatesigmund's ghost is heavily damaged.
Ijustatesigmund's ghost hits you!!
* * * LOW HITPOINT WARNING * * *
Ijustatesigmund's ghost is engulfed in blazing flames.
As you read the scroll of teleportation, it crumbles to dust.
You feel strangely unstable.
Ijustatesigmund's ghost closely misses you.
Your surroundings suddenly seem different. 2 wolves come into view.
Casting: Throw Icicle (safe; 1% risk of failure)
Confirm with . or Enter, or press ? or * to list all spells.
Aiming: Sticky Flame (safe; 1% risk of failure)
Press: ? - help, Shift-Dir - straight line, f - wolf
Aim: a wolf The sticky flame hits the wolf.
The wolf is moderately wounded.
The wolf is covered in liquid flames!
The wolf burns!
The wolf bites you!
* * * LOW HITPOINT WARNING * * *
The wolf bites you!
You die...

.##.............h....
.##......####.##..#.#
.#..................## #
###.................P#.#
###.....................
........................
........................
###.............h.......
..#.............@......... .. l
.....[...............##.PP###.#..
..#....##.###.####...#........#..
..P..............#...#.........?.
.......#.........#...#...........
..#....#...).....#...#...........
................S....#.....†..#..
.##..............#...#...........
.......#..S......#...#........#..


You could see a wolf (burning).

Vanquished Creatures
  Gastronok (D:8)
  8 vault guards (D:13)
  A hydra (Lair:1)
  5 two-headed ogres
  Nergalle (D:10)
  Sonja (D:12)
  An unseen horror (D:11)
  2 ugly things
  A cyclops (D:12)
  A guardian serpent (D:9)
  Joseph (D:8)
  Psyche (D:10)
  An elephant (D:10)
  A rime drake (Lair:1)
  2 orc warriors
  A troll (D:9)
  2 meliai (D:13)
  Prince Ribbit (D:7)
  3 hippogriffs
  2 shadows
  2 wyverns
  A wraith (D:10)
  14 yaks
  3 basilisks
  4 hogs (D:8)
  A human (D:8)
  2 fire elementals (D:12)
  A steam dragon (D:9)
  Menkaure (D:6)
  2 acid dragons
  A soldier ant (D:13)
  A water moccasin (Lair:1)
  3 porcupines (Lair:1)
  3 hell hounds (D:12)
  A phantom (D:13)
  4 sky beasts
  A necrophage (D:10)
  8 ogres
  3 ice beasts
  3 wolves (Lair:1)
  6 centaurs
  A big kobold (D:8)
  10 bullfrogs
  A wyvern skeleton (D:11)
  A scorpion (D:8)
  19 killer bees
  4 wights (D:6)
  A howler monkey (D:6)
  3 crimson imps
  2 bullfrog zombies
  4 hounds
  4 jellies
  Crazy Yiuf (D:2)
  5 centaur skeletons
  4 orc priests
  12 orc wizards
  2 bullfrog skeletons
  2 iguanas
  3 worker ants
  2 hound skeletons
  9 adders
  5 gnolls (D:3)
  A worker ant zombie (D:7)
  A shadow imp (D:5)
  An adder zombie (D:6)
  2 adder skeletons
  2 worms
  3 dart slugs
  6 leopard geckos
  54 orcs
  3 ball pythons
  9 bats
  5 giant cockroaches
  6 goblins
  3 hobgoblins
  7 jackals
  5 quokkas
  3 frilled lizards
  10 kobolds
  5 rats
323 creatures vanquished.

Vanquished Creatures (collateral kills)
  A centaur (D:8)
  A kobold (D:8)
2 creatures vanquished.

Vanquished Creatures (others)
  An orc warrior (D:10)
  An ogre (D:8)
  An orc (D:10)
  2 fungi (D:4)
5 creatures vanquished.

Grand Total: 330 creatures vanquished

Notes
Turn   | Place    | Note
-------+----------+-------------------------------------------
     0 | D:1      | torrenera the Deep Elf Fire Elementalist began the quest for the Orb.
     0 | D:1      | Reached XP level 1. HP: 10/10 MP: 6/6
   400 | D:1      | Reached XP level 2. HP: 15/15 MP: 5/8
  1345 | D:2      | Reached skill level 4 in Spellcasting
  1470 | D:2      | Reached XP level 3. HP: 17/19 MP: 4/10
  1655 | D:2      | Learned a level 3 spell: Conjure Flame
  1658 | D:2      | Learned a level 2 spell: Throw Flame
  2318 | D:2      | Found a runed door.
  2480 | D:2      | Noticed Crazy Yiuf
  2488 | D:2      | Killed Crazy Yiuf
  2488 | D:2      | Reached skill level 5 in Spellcasting
  2488 | D:2      | Reached XP level 4. HP: 24/24 MP: 2/13
  2725 | D:3      | Reached XP level 5. HP: 28/28 MP: 11/15
  2866 | D:3      | Reached skill level 6 in Spellcasting
  2975 | D:3      | Found a snail-covered altar of Cheibriados.
  3868 | D:3      | Reached skill level 5 in Fire Magic
  3927 | D:3      | Found a shimmering altar of Xom.
  3946 | D:3      | Reached skill level 7 in Spellcasting
  4014 | D:4      | Found Loigigha's General Store.
  4021 | D:4      | Noticed an ogre
  4135 | D:4      | Reached XP level 6. HP: 32/32 MP: 18/18
  4254 | D:4      | Found a staircase to the Ecumenical Temple.
  4298 | D:4      | Found a blossoming altar of Fedhas.
  4330 | D:4      | Reached skill level 8 in Spellcasting
  4489 | D:4      | Found Hoibur's Food Emporium.
  4567 | D:5      | Entered Level 5 of the Dungeon
  4612 | D:5      | Reached XP level 7. HP: 36/36 MP: 10/20
  5097 | Temple   | Entered the Ecumenical Temple
  5118 | Temple   | Became a worshipper of Vehumet
  5697 | D:6      | Reached skill level 9 in Spellcasting
  6141 | D:5      | Found Dijoilen's Magic Scroll Emporium.
  6185 | D:6      | Learned a level 4 spell: Sticky Flame
  6613 | D:6      | Found an iron altar of Okawaru.
  6613 | D:6      | Found a basalt altar of Yredelemnul.
  6694 | D:6      | Found a hide-covered altar of Uskayaw.
  6712 | D:6      | Reached skill level 10 in Spellcasting
  6712 | D:6      | Reached XP level 8. HP: 39/41 MP: 16/24
  6785 | D:6      | Noticed Menkaure
  6951 | D:6      | Killed Menkaure
  7271 | D:7      | Learned a level 5 spell: Fireball
  7365 | D:7      | Reached skill level 1 in Fighting
  7393 | D:7      | Found a hazy altar of Hepliaklqana.
  7980 | D:7      | Noticed Prince Ribbit
  7992 | D:7      | Killed Prince Ribbit
  8189 | D:7      | Noticed a hippogriff
  8192 | D:7      | Killed a hippogriff
  8192 | D:7      | Reached XP level 9. HP: 39/49 MP: 19/25
  8379 | D:4      | Bought a +2 buckler of reflection for 259 gold pieces
  8801 | D:8      | Reached skill level 10 in Fire Magic
  9041 | D:9      | Reached * piety under Vehumet
  9041 | D:9      | Offered knowledge of Magic Dart by Vehumet.
  9469 | D:9      | Noticed a guardian serpent
  9560 | D:9      | Killed a guardian serpent
  9718 | D:9      | Noticed a two-headed ogre
  9741 | D:9      | Killed a two-headed ogre
  9850 | D:9      | Reached XP level 10. HP: 58/58 MP: 22/26
 10055 | D:9      | Reached skill level 5 in Fighting
 10122 | D:8      | Learned a level 4 spell: Throw Icicle
 10127 | D:8      | Learned a level 4 spell: Summon Ice Beast
 10161 | D:8      | Found a shattered altar of Ashenzari.
 10282 | D:8      | Noticed a two-headed ogre
 10304 | D:8      | Killed a two-headed ogre
 10378 | D:8      | Offered knowledge of Shock by Vehumet.
 10702 | D:8      | HP: 3/61 [poisoned by a killer bee]
 10708 | D:8      | HP: 2/61 [poisoned by a killer bee]
 10716 | D:8      | HP: 2/61 [poisoned by a killer bee]
 11029 | D:8      | Noticed Joseph
 11108 | D:8      | Killed Joseph
 11272 | D:8      | Reached ** piety under Vehumet
 11493 | D:8      | Noticed Gastronok
 11507 | D:8      | Killed Gastronok
 11507 | D:8      | Reached skill level 5 in Conjurations
 11507 | D:8      | Reached XP level 11. HP: 54/68 MP: 14/27
 11606 | D:8      | Found an ancient bone altar of Kikubaaqudgha.
 12034 | D:10     | Entered Level 10 of the Dungeon
 12065 | D:10     | Noticed Psyche
 12068 | D:10     | Killed Psyche
 12074 | D:10     | Noticed Nergalle
 12094 | D:10     | Killed Nergalle
 12891 | D:10     | Offered knowledge of Ignite Poison by Vehumet.
 13429 | D:10     | Reached *** piety under Vehumet
 13672 | D:11     | Learned a level 3 spell: Ozocubu's Armour
 13683 | D:11     | Noticed a brown ugly thing
 13705 | D:11     | Killed a brown ugly thing
 14231 | D:11     | Noticed an unseen horror
 14240 | D:11     | Killed an unseen horror
 14260 | D:11     | Noticed a two-headed ogre
 14274 | D:11     | Killed a two-headed ogre
 14464 | D:11     | Got a slimy long sword
 14486 | D:11     | Reached skill level 10 in Fighting
 14536 | D:11     | Offered knowledge of Dazzling Spray by Vehumet.
 14843 | D:11     | Found a staircase to the Lair.
 15314 | D:11     | Reached skill level 5 in Dodging
 15601 | Lair:1   | Entered Level 1 of the Lair of Beasts
 15604 | Lair:1   | Reached XP level 12. HP: 60/78 MP: 18/28
 15791 | Lair:1   | Reached skill level 1 in Shields
 16165 | Lair:1   | Noticed Ijustatesigmund's ghost (journeyman NaFi)
 16285 | D:12     | Noticed Sonja
 16287 | D:12     | Killed Sonja
 16453 | D:12     | Learned a level 3 spell: Summon Guardian Golem
 16457 | D:12     | Found a snail-covered altar of Cheibriados.
 16729 | D:12     | Noticed Azrael
 16984 | D:12     | Found a staircase to the Orcish Mines.
 17840 | Lair:1   | Noticed a four-headed hydra
 17976 | D:13     | Reached **** piety under Vehumet
 18071 | D:13     | Offered knowledge of Airstrike by Vehumet.
 18198 | D:13     | Found a gate to the Vaults.
 18198 | D:13     | Noticed a vault guard
 18198 | D:13     | Noticed a vault guard
 18198 | D:13     | Noticed a vault guard
 18199 | D:13     | Noticed a vault guard
 18199 | D:13     | Noticed a vault guard
 18199 | D:13     | Noticed a vault guard
 18199 | D:13     | Noticed a vault guard
 18199 | D:13     | Noticed a vault guard
 18210 | D:13     | Killed a vault guard
 18210 | D:13     | Reached skill level 11 in Spellcasting
 18212 | D:13     | Killed a vault guard
 18212 | D:13     | Killed a vault guard
 18213 | D:13     | Killed a vault guard
 18213 | D:13     | Reached skill level 12 in Spellcasting
 18213 | D:13     | Killed a vault guard
 18214 | D:13     | Killed a vault guard
 18214 | D:13     | Reached skill level 13 in Spellcasting
 18215 | D:13     | Killed a vault guard
 18220 | D:13     | Killed a vault guard
 18279 | D:13     | Identified the +3 long sword of Indignation {holy, Int+6 SInv Stlth-} (You found it on level 11 of the Dungeon)
 18529 | D:13     | Noticed a two-headed ogre
 18535 | D:13     | Killed a two-headed ogre
 18535 | D:13     | Reached skill level 14 in Spellcasting
 18712 | D:13     | Reached XP level 13. HP: 83/83 MP: 15/33
 19062 | D:13     | Reached ***** piety under Vehumet
 19094 | D:13     | Offered knowledge of Spellforged Servitor by Vehumet.
 19409 | Orc:1    | Entered Level 1 of the Orcish Mines
 19452 | Orc:2    | Entered Level 2 of the Orcish Mines
 19452 | Orc:2    | Noticed Donald
 19526 | Lair:1   | Reached skill level 15 in Spellcasting
 19548 | Lair:1   | Slain by a wolf

Vault maps used:
D:1:      evilmike_arrival_run_for_it, nrook_mini_vaults
D:2:      uniq_crazy_yiuf_cottage
D:3:      lemuel_doored_altar, tgw_xom
D:4:      fedhas_altar_3, minmay_temple_entry_from_below_a, serial_shops,
          nicolae_shop_temple_entry_statues_fountains, shop, first_ration
D:5:      serial_shops, nicolae_shop_competitors_out_of_business, shop
D:6:      eat_drink_and_be_merry_uskayaw, gammafunk_temple_overflow_elements,
          uniq_menkaure
D:7:      lemuel_coloured_pillars_altar, uniq_prince_ribbit1
D:8:      lemuel_crystal_altar, ashenzari_conservatory_becter, grunt_livestock,
          item_on_display_a, uniq_gastronok, uniq_joseph
D:9:      nrook_guardian_serpent_ordinary
D:10:     uniq_nergalle, uniq_psyche
D:11:     david_lair_generic, nicolae_twisting_strands
D:12:     orc_0_dummy, cheibriados_altar_1, uniq_sonja, uniq_azrael
D:13:     erik_vaults_2
Temple:   nicolae_temple_great_sept
Orc:1:    uniq_fannar
Orc:2:    st_orc_rangers, uniq_donald

Skill      XL: |  1  2  3  4  5  6  7  8  9 10 11 12 13 |
---------------+----------------------------------------+-----
Spellcasting   | 4 5 7 8 10 14 15 | 15.0
Fire Magic     | 4 5 7 9 12 | 12.0
Fighting       | 2 4 8 10 | 10.6
Conjurations   | 5 7 |  7.2
Dodging        | 5 7 |  7.9
Shields        | 2 |  2.8
Stealth        | |  2.4

Action                   |  1- 3 |  4- 6 |  7- 9 | 10-12 | 13-15 || total
-------------------------+-------+-------+-------+-------+-------++-------
Melee: Unarmed           |     1 |       |       |       |       ||     1
       Dagger            |    15 |       |       |       |       ||    15
       Quarterstaff      |       |    59 |    77 |       |       ||   136
       Staff             |       |       |    18 |       |       ||    18
       Short sword       |       |       |    63 |   159 |       ||   222
       Long sword        |       |       |       |     3 |    19 ||    22
Throw: Stone             |     3 |     2 |     7 |    20 |       ||    32
 Cast: Flame Tongue      |    76 |    42 |   101 |   122 |       ||   341
       Throw Flame       |     8 |    15 |     8 |    42 |       ||    73
       Conjure Flame     |     2 |     5 |    21 |    34 |     1 ||    63
       Sticky Flame      |       |       |    15 |    89 |    18 ||   122
       Fireball          |       |       |       |    31 |     4 ||    35
       Throw Icicle      |       |       |       |    29 |     8 ||    37
       Ozocubu's Armour  |       |       |       |     1 |       ||     1
       Summon Guardian G |       |       |       |     2 |       ||     2
       Summon Ice Beast  |       |       |       |     1 |       ||     1
Evoke: Wand              |       |       |     1 |    17 |       ||    18
       Phantom mirror    |       |       |       |     1 |       ||     1
  Use: Scroll            |     2 |     1 |     2 |    18 |     1 ||    24
       Potion            |       |       |       |     5 |       ||     5
 Stab: Sleeping          |       |     5 |     2 |     2 |       ||     9
       Distracted        |       |       |     1 |       |       ||     1
  Eat: Chunk             |     5 |     6 |    13 |    27 |     3 ||    54
       Ration            |       |       |     1 |     1 |       ||     2
Armor: Robe              |     3 |     6 |    56 |    59 |     6 ||   130
       Leather armour    |     6 |    15 |       |       |       ||    21
Dodge: Dodged            |    40 |    37 |   153 |   200 |    42 ||   472
Block: Buckler           |       |       |       |    16 |    19 ||    35
       Rpst.: Long sword |       |       |       |     3 |    11 ||    14

Table legend:
 A = Spawn XP
 B = Non-spawn XP
 C = Spawn XP percentage of total XP
 D = Spawn monster count
 E = Non-spawn monster count
 F = Spawn count percentage of total count
 G = Total turns spent on level
                    A         B        C        D         E        F      G
               +---------+---------+-------+---------+---------+-------+---------
         Total |       0 |   41528 |   0.0 |       0 |     327 |   0.0 | 19548
               +---------+---------+-------+---------+---------+-------+---------
           D:1 |       0 |      21 |   0.0 |       0 |      11 |   0.0 |  1257
           D:2 |       0 |     115 |   0.0 |       0 |      25 |   0.0 |  1338
           D:3 |       0 |     237 |   0.0 |       0 |      27 |   0.0 |  1476
           D:4 |       0 |     264 |   0.0 |       0 |      11 |   0.0 |   543
           D:5 |       0 |     233 |   0.0 |       0 |      15 |   0.0 |   945
           D:6 |       0 |     805 |   0.0 |       0 |      19 |   0.0 |  1604
           D:7 |       0 |    1271 |   0.0 |       0 |      14 |   0.0 |  1266
           D:8 |       0 |    5904 |   0.0 |       0 |      35 |   0.0 |  1882
           D:9 |       0 |    3029 |   0.0 |       0 |      31 |   0.0 |  1494
          D:10 |       0 |    4516 |   0.0 |       0 |      38 |   0.0 |  1919
          D:11 |       0 |    5174 |   0.0 |       0 |      23 |   0.0 |  2324
          D:12 |       0 |    2675 |   0.0 |       0 |      16 |   0.0 |  1048
          D:13 |       0 |   13659 |   0.0 |       0 |      44 |   0.0 |  1412
        Lair:1 |       0 |    3585 |   0.0 |       0 |      17 |   0.0 |   759
         Orc:2 |       0 |      40 |   0.0 |       0 |       1 |   0.0 |     4
               +---------+---------+-------+---------+---------+-------+---------
